[Event "Finnish Senior Championship 2022"]
[Site "Helsinki"]
[Date "2022.04.19"]
[Round "5.3"]
[White "Smeds, Tom"]
[Black "Hietala, Pekka"]
[Result "0-1"]
[ECO "A30"]
[WhiteElo "1863"]
[BlackElo "1925"]
[Annotator "TA"]
[PlyCount "92"]
[EventDate "2022.04.15"]
[EventType "swiss"]
[EventCountry "FIN"]
[SourceTitle "playchess.com"]
[Source "ChessBase"]
[SourceQuality "1"]
[TimeControl "40/5400+30:1800+30"]

1. Nf3 d5 2. g3 c5 3. Bg2 Nc6 4. d4 Nf6 5. O-O Bf5 6. c4 e6 7. cxd5 Nxd5 8. a3 {[%emt 0:04:03] Inhibits Ndb4. A30: Symmetrical English: Double Fianchetto and Hedgehog.} (8. Ne5 $16 Ndb4 9. Nxc6 Nxc6 10. e4) 8... Be7 {[%emt 0:02:23] [#]} 9. Nc3 $146 (9. Ne5 $14 Nxe5 10. dxe5) ({Predecessor:} 9. dxc5 Bxc5 10. Bg5 f6 11. Bd2 O-O 12. Qa4 Nb6 13. Qb5 Qd6 14. Nc3 Rfd8 15. Rac1 {½-½ (49) Goksel,D (2263)-Mikhalchishin,A (2528) Kocaeli 2008}) 9... Nxc3 $11 10. bxc3 {[%emt 0:00:11] The position is equal.} O-O 11. Bf4 Qa5 12. Qb3 Qa6 13. Rfe1 (13. a4 $14) 13... Na5 14. Qa2 c4 (14... Be4 $15 {keeps the upper hand.}) 15. e4 $16 Bg6 16. Nd2 {[%emt 0:00:46] Prevents Nb3.} Rac8 17. a4 f6 18. Be3 Qc6 ({Black should try} 18... e5 $14) 19. e5 Qa6 20. exf6 Bxf6 21. Bf4 Rfe8 22. Nf3 (22. Re3 $18) 22... Nb3 $14 23. Rad1 b5 24. Ne5 Bf7 ({Black should play} 24... Bf5 $14) 25. Nxf7 $18 Kxf7 26. Qe2 g6 27. Be5 Bxe5 28. axb5 $2 ({Less strong is} 28. dxe5 Rc7 $16) (28. Qxe5 $18 {Strongly threatening d5.} Rcd8 29. Qc7+ Kg8 30. axb5 Qxb5 31. Bc6) 28... Qxb5 $16 {[%emt 0:00:29] [#] aiming for ...Bf6.} 29. dxe5 Rc7 30. Qf3+ (30. Qg4 $16) 30... Kg8 31. Rd6 Nc5 32. h4 Nd3 33. Re4 (33. Re2 $14) 33... Rf7 $19 ({Don't do} 33... Nxe5 34. Qe2 Nf7 35. Rdxe6 Rxe6 36. Rxe6 $16) 34. Qe3 Nxf2 (34... Qb1+ $19 35. Kh2 Rxf2 36. Rxd3 Qf1 37. Qxf2 Qxf2) 35. Rf4 $11 Rxf4 36. Qxf4 Rf8 37. Qd4 Qb1+ 38. Kh2 Qf5 $36 {[%emt 0:03:42][%mdl 2048] [#] White must now prevent ...Ng4+. Black is really pushing. Black is much more active.} 39. Rd8 (39. Qf4 $17) 39... Ng4+ $19 40. Kg1 $2 (40. Kh3 Nxe5+ 41. Kh2) 40... Rxd8 $2 (40... Qb1+ $19 41. Qd1 Qb6+ 42. Rd4 Ne3) 41. Qxd8+ $17 Kg7 42. Qd7+ Kh6 43. Qxa7 (43. Qd2+ $17 g5 44. Bf3) 43... Qxe5 $19 {[%emt 0:00:33] Black is clearly winning.} 44. Qd4 Qxd4+ 45. cxd4 c3 {[%emt 0:00:01] ( -> ...c2)} 46. Be4 Ne3 {[%emt 0:00:02] What a bad dream for White.  Weighted Error Value: White=0.91/Black=0.56} 0-1

[Event "Finnish Senior Championship 2022"]
[Site "Helsinki"]
[Date "2022.04.20"]
[Round "6.1"]
[White "Lehtela, Antti"]
[Black "Binham, Timothy F."]
[Result "0-1"]
[ECO "A40"]
[WhiteElo "1632"]
[BlackElo "2275"]
[Annotator "TA"]
[PlyCount "78"]
[EventDate "2022.04.15"]
[EventType "swiss"]
[EventCountry "FIN"]
[SourceTitle "playchess.com"]
[Source "ChessBase"]
[SourceQuality "1"]
[TimeControl "40/5400+30:1800+30"]

1. d4 e6 2. c4 b6 3. Nc3 Bb7 4. Nf3 Bb4 5. Qc2 f5 6. Bd2 {[%emt 0:02:14] A40: Unusual replies to 1 d4.} Nf6 7. a3 Bxc3 8. Bxc3 {[%emt 0:00:27] The position is equal.} O-O 9. g3 Ne4 (9... Be4 $5 10. Qa4 a5 $11) 10. Bg2 Nxc3 11. Qxc3 Qf6 {[%emt 0:00:00] [#]} 12. e3 $146 ({Predecessor:} 12. O-O Be4 13. Ne5 Bxg2 14. Kxg2 d6 15. Nd3 Nd7 16. Rac1 Rf7 17. b4 g5 18. f4 {½-½ (34) Zarpellon,D (1980)-Bordignon,A (1962) Chioggia 2016}) 12... Be4 13. O-O d6 14. Rad1 Nd7 15. Rd2 Rae8 16. Rc1 g5 17. b4 Re7 18. Qb3 Qg6 19. c5 Nf6 20. cxd6 (20. Ne1 $11) 20... cxd6 $15 21. Qd1 Nd5 22. Ne1 Bxg2 (22... h5 $15 {is more appropriate.}) 23. Nxg2 $11 f4 24. Qc2 (24. exf4 $11 gxf4 25. Rdc2) 24... Qh5 {[%emt 0:00:00] &Nero is more active.} (24... Qh6 $1 $15) 25. exf4 $1 gxf4 26. Qe4 Nf6 27. Qe1 Ng4 28. Nh4 Qd5 29. Qd1 (29. Ng2 $5 ) 29... Rg7 30. Rdc2 ({But not} 30. h3 Nf6 31. Rd3 h5 $17) 30... Qg5 {[%emt 0:04:15] [#] White must now prevent ...fxg3.} 31. Kh1 $2 {[%emt 0:01:54][%mdl 8192] This costs White the game.} (31. Rc8 $11 {and White has nothing to worry.} Rgf7 32. Qb3) 31... fxg3 $19 {[%emt 0:00:29] Black is clearly winning.} 32. fxg3 Ne3 ({Don't go for} 32... Nf2+ $2 33. Rxf2 Rxf2 34. Rc8+ Kf7 35. Ng2 $19 (35. Qe1 $2 Qd2 $19)) 33. Qe1 Qd5+ 34. Ng2 Nxc2 35. Rxc2 Rgf7 {[%emt 0:00:19][%cal Bg7f7,Bf7f2,Bf2d2,Bd2d4][%mdl 32] [#] ( -> ...Rf1+)} 36. Rc1 Rf2 37. Qg1 Rd2 38. Rf1 Rxf1 39. Qxf1 Rxd4 {[%emt 0:00:39] Weighted Error Value: White=0.71/Black=0.10 (very precise)} 0-1

[Event "Finnish Senior Championship 2022"]
[Site "Helsinki"]
[Date "2022.04.20"]
[Round "6.2"]
[White "Koskinen, Hannu E."]
[Black "Aakio, Seppo"]
[Result "1/2-1/2"]
[ECO "A55"]
[WhiteElo "1746"]
[BlackElo "2051"]
[Annotator "TA"]
[PlyCount "105"]
[EventDate "2022.04.15"]
[EventType "swiss"]
[EventCountry "FIN"]
[SourceTitle "playchess.com"]
[Source "ChessBase"]
[SourceQuality "1"]
[TimeControl "40/5400+30:1800+30"]

1. Nf3 d6 2. d4 c6 3. c4 Nd7 4. Nc3 e5 5. e4 Ngf6 6. Be2 Be7 7. O-O O-O 8. h3 {[%emt 0:06:54] White is more active.} exd4 {[%emt 0:01:29] A55: Old Indian Defence with Nf3 and e4.} 9. Nxd4 Nc5 10. Qc2 a5 {[%emt 0:02:35] White is slightly better.} 11. Be3 Re8 {[%emt 0:00:49] [#]} 12. Bf3 $146 ({Predecessor:} 12. Rad1 Qc7 13. f4 Bf8 14. Bf3 a4 15. Bf2 g6 16. g4 {1-0 (28) Martinovic,S (2537)-Kozul,Z (2588) Porec 2014}) 12... g6 13. Rad1 Qc7 14. b3 h5 15. Rfe1 Bd7 16. Qc1 Rad8 17. Bf4 {[%emt 0:04:11] Threatens to win with e5.} Bc8 $2 (17... Nh7 $16) 18. Nc2 $2 (18. e5 $1 $18) 18... Nfd7 (18... Nh7) 19. Bg5 Ne5 {[%emt 0:00:59] Hoping for ...Ncd3.} 20. Be2 {[%emt 0:00:43] Against Ncd3} Ne6 21. Bxe7 Qxe7 22. f4 Nd7 23. f5 Nef8 24. fxg6 (24. Rf1 $14) 24... fxg6 $11 25. Qf4 Ne5 26. Rf1 Qg7 27. Qf6 Qc7 28. Qf2 Ne6 29. Qe3 Rf8 30. Rxf8+ Rxf8 31. Rf1 Rxf1+ 32. Kxf1 Qf7+ 33. Qf2 Nf4 34. Ne1 Kg7 35. Nf3 Qf6 ({Much worse is} 35... Nxe2 $6 36. Kxe2 Nxf3 37. Qxf3 $11) 36. Qh4 ({Better is} 36. Nxe5 $15 Qxe5 37. Qe3) 36... Nxf3 $1 $19 37. Qxf6+ Kxf6 38. Bxf3 {[%emt 0:00:35][%mdl 4096] Endgame [#] KBN-KBN} Ke5 $1 39. Ke1 Ne6 (39... Kd4 $17 40. Nd1 b5 41. cxb5 cxb5) 40. Kd2 ({White should try} 40. h4 $1 $15) 40... Nd4 $17 41. Ke3 {[%emt 0:05:03] [#]} Be6 (41... h4) (41... h4 $1 $17) 42. h4 $1 $11 {[%emt 0:03:00] The position is equal.} b5 43. cxb5 cxb5 44. Ne2 Nc2+ 45. Kd2 Nb4 46. Nc3 Bd7 47. a3 Na6 48. Be2 Nc5 49. Bxb5 Bxb5 50. Nxb5 Nxb3+ 51. Ke3 Nc5 52. Nc3 Ne6 53. Ne2 {[%emt 0:00:39] Weighted Error Value: White=0.18 (very precise) /Black=0.21 (precise)} 1/2-1/2

[Event "Finnish Senior Championship 2022"]
[Site "Helsinki"]
[Date "2022.04.20"]
[Round "6.3"]
[White "Hietala, Pekka"]
[Black "Kivipelto, Kaj"]
[Result "0-1"]
[ECO "E91"]
[WhiteElo "1925"]
[BlackElo "2129"]
[Annotator "TA"]
[PlyCount "96"]
[EventDate "2022.04.15"]
[EventType "swiss"]
[EventCountry "FIN"]
[SourceTitle "playchess.com"]
[Source "ChessBase"]
[SourceQuality "1"]
[TimeControl "40/5400+30:1800+30"]

1. c4 g6 2. Nc3 Bg7 3. d4 Nf6 4. e4 O-O 5. Nf3 d6 6. Be2 c5 7. d5 b5 8. cxb5 a6 9. O-O axb5 10. Bxb5 Ba6 11. Bxa6 Nxa6 12. Qe2 Nd7 13. Bf4 Qc7 {[%emt 0:01:41] E91: King's Indian: Classical: 6 Be2, unusual replies including 6...c5 and 6...Bg4.} 14. Rfe1 Rfb8 15. Rab1 c4 {[%emt 0:07:40] [#] White is slightly better.} 16. Be3 $146 ({Predecessor:} 16. e5 dxe5 17. Nxe5 Nxe5 18. Bxe5 Bxe5 19. Qxe5 Qxe5 20. Rxe5 Nb4 21. Re4 Nxa2 22. Rxc4 Nxc3 23. Rxc3 Rxb2 {½-½ (49) Bugaev,A (1889)-Lisenkov,S (1964) Cheliabinsk 2021}) 16... Nb4 17. Bd4 (17. Nd4 $1 $14) 17... Nxa2 $15 18. Bxg7 Kxg7 19. Qe3 Qc5 20. Qd2 (20. Nd4 $15 {should be considered.}) 20... Nb4 $17 21. g3 (21. b3 $142) 21... Nd3 22. Re2 Rb3 23. Kg2 h6 (23... N7e5 $19 {Threatens to win with ...Nxf3.} 24. Nxe5 dxe5) 24. h4 (24. Qc2 $1 $15) 24... Rab8 25. Nd1 Nf6 ({Better is} 25... N7e5 $19 {Hoping for ...Nxf3.} 26. Nxe5 dxe5) 26. Qc2 Ng4 (26... Qc8 $17 27. Nd2 Qg4) 27. Nh2 $2 (27. Nd2 $1 $11) 27... Nge5 $36 {[%emt 0:04:52][%mdl 2048] Black has strong initiative.} 28. f4 {[%emt 0:02:08] Against g5} Nd7 {[%emt 0:00:08] 0x0.001a398f4aa0dp-1022s more active pieces.} 29. Ng4 (29. Nf3 $17 {was called for.}) 29... Qd4 $19 30. Ngf2 (30. Nh2 $142 Nb4 31. Qd2) 30... Nxf2 31. Rxf2 (31. Nxf2 $142 Nf6 32. g4) 31... Rd3 {[%emt 0:00:51] [#] aiming for ...Nf6.} 32. Nc3 Qe3 {[%emt 0:00:55] ...Nf6 is the strong threat.} 33. Ne2 Qxe4+ 34. Kh3 Qxd5 {[%emt 0:04:35] Strongly threatening ...Qf5+.} 35. f5 g5 36. Nc3 Qd4 {[%emt 0:01:42] And now ...Qxh4+ would win.} 37. hxg5 hxg5 {[%emt 0:00:19] ( -> ...Nf6)} 38. Re1 Qh4+ 39. Kg2 Rxg3+ (39... Qxg3+ $142 40. Kf1 Rh8 41. Re4 Rh1+ 42. Ke2 Nf6 43. b3 Nxe4 44. f6+ exf6 45. Nd1 Qg4+ 46. Rf3 Qxf3#) 40. Kf1 Qh1+ 41. Ke2 {[%emt 0:30:11] [#]} Re3+ $3 42. Kxe3 Qxe1+ 43. Re2 Qg3+ 44. Kd2 Qf4+ 45. Ke1 Rh8 46. Rf2 Qe3+ 47. Ne2 Ne5 48. Qc3 Qxc3+ {[%emt 0:00:00] Weighted Error Value: White=1.27/Black=0.86} 0-1

[Event "Finnish Senior Championship 2022"]
[Site "Helsinki"]
[Date "2022.04.20"]
[Round "6.4"]
[White "Lyly, Seppo"]
[Black "Patola, Eero"]
[Result "0-1"]
[ECO "B46"]
[WhiteElo "1908"]
[BlackElo "1809"]
[Annotator "TA"]
[PlyCount "92"]
[EventDate "2022.04.15"]
[EventType "swiss"]
[EventCountry "FIN"]
[SourceTitle "playchess.com"]
[Source "ChessBase"]
[SourceQuality "1"]
[TimeControl "40/5400+30:1800+30"]

1. e4 c5 2. Nc3 e6 3. f4 Nc6 4. Nf3 a6 5. d4 cxd4 6. Nxd4 Bb4 7. Be2 {[%emt 0:02:28] B46: Sicilian: Taimanov: 5 Nc3 a6.} Nf6 8. Bf3 d5 9. e5 {[%emt 0:07:32] [#] The position is equal.} Ne4 $146 (9... Nd7 $11) ({Predecessor:} 9... Nd7 10. O-O Nb6 11. Nce2 O-O 12. c3 Bc5 13. Kh1 f6 14. Bg4 Qe7 15. Nxc6 bxc6 16. b4 Bxb4 17. cxb4 Qxb4 18. Qb3 Qb5 19. Ba3 Rf7 20. Nd4 {1-0 (20) Langenfeld,S (2054)-Falk,K (1606) Verden 2006}) 10. Nxc6 $14 Qh4+ (10... bxc6 11. Bxe4 Bxc3+ 12. bxc3 $16) (10... Bxc3+ $14 11. bxc3 Qc7) 11. g3 $18 Nxg3 12. hxg3 Qxg3+ 13. Ke2 bxc6 14. Rg1 Qh4 15. a3 Bc5 {[%emt 0:05:06] Strongly threatening ...Qf2+.} 16. Be3 {[%emt 0:03:25] Prevents Qf2+.} Bxe3 17. Kxe3 c5 $2 (17... O-O 18. Qd4 f6) 18. Ne2 Rb8 19. b3 a5 (19... Kf8 {is a better defense.} 20. Qd3 Qd8) 20. Qe1 (20. Rxg7 $142 Kf8 21. Rg2) 20... Qxe1 21. Raxe1 g6 22. Rg3 Ba6 23. Rh1 h5 24. f5 d4+ 25. Kd2 exf5 26. Nf4 Bb7 27. Bd5 (27. Bxb7 $1 $16 Rxb7 28. Kd3) 27... Bxd5 $14 28. Nxd5 Kd7 29. Nf4 $36 {[%emt 0:00:27][%cal Oe5e6][%mdl 2048] White has some pressure.} Rh6 30. e6+ Ke7 {[%emt 0:01:38] [#]} (30... fxe6 $14 31. Rxg6 (31. Nxg6 Kd6 $14) 31... Rxg6 32. Nxg6 a4) 31. Re1 (31. Rg2 $142 $1) 31... h4 $16 32. Rgg1 {[%emt 0:02:43] Hoping for Nd5+.} h3 33. Nd5+ ({Better is} 33. Rh1 $16) 33... Kd6 $11 34. e7 {[%emt 0:03:13] Nf6 is the strong threat.} Re8 $2 {[%emt 0:05:23][%mdl 8192] [#]} (34... g5 $11 35. e8=Q (35. Rxg5 h2 $15) 35... Rxe8 36. Rxe8 Kxd5) 35. Nf6 $1 $18 ({And not} 35. Nb6 Rh5 $11) 35... Rhh8 36. Nxe8+ Rxe8 37. Rh1 Rxe7 38. Rxe7 Kxe7 39. Rxh3 {[%emt 0:00:15][%mdl 4096] Endgame KR-KP} Ke6 40. Kd3 g5 41. Kc4 f4 42. Kxc5 g4 43. Rh6+ $2 ({White should try} 43. Rh1 $18 d3 44. cxd3) 43... Ke5 $11 44. Rh1 $2 (44. Rh7 $11 g3 45. Rg7 (45. Rxf7 $2 g2 $19) (45. Rh1 $2 f3 $19)) 44... f3 $19 {[%emt 0:00:00] And now ...f2 would win. Black is clearly winning.} 45. Re1+ Kf4 {[%emt 0:00:00] White must now prevent ...g3.} 46. Kxd4 f5 {[%emt 0:00:00] Never resign too early!  Weighted Error Value: White=0.80/Black=0.42} 0-1

[Event "Finnish Senior Championship 2022"]
[Site "Helsinki"]
[Date "2022.04.20"]
[Round "6.5"]
[White "Raitanen, Markku"]
[Black "Smeds, Tom"]
[Result "1/2-1/2"]
[ECO "B06"]
[WhiteElo "1813"]
[BlackElo "1863"]
[Annotator "NA RC COMBH"]
[PlyCount "76"]
[EventDate "2022.04.15"]
[EventType "swiss"]
[EventCountry "FIN"]
[SourceTitle "playchess.com"]
[Source "ChessBase"]
[SourceQuality "1"]
[TimeControl "40/5400+30:1800+30"]

1. e4 g6 2. d4 Bg7 3. Nc3 d6 4. f4 e6 5. Be3 Ne7 6. Be2 a6 7. Bf3 Nd7 8. Nge2 O-O 9. h4 b5 10. Ng3 Bb7 11. Qd2 (11. h5 $11 {should be considered.}) 11... Nb6 12. b3 b4 13. Nce2 c5 14. Rd1 Qc7 15. h5 f5 16. hxg6 hxg6 17. O-O $2 (17. dxc5 $18 dxc5 18. Qd6 Qxd6 19. Rxd6) 17... Rad8 18. Qe1 fxe4 19. Nxe4 Nf5 20. Bf2 $11 cxd4 21. Ng5 Rde8 22. Bxb7 Qxb7 23. Nxd4 Nxd4 24. Bxd4 Bxd4+ 25. Rxd4 Nd5 26. Re4 e5 27. fxe5 Rxf1+ 28. Kxf1 dxe5 29. Rxe5 Rf8+ 30. Nf3 Nf4 31. Qe4 Qxe4 32. Rxe4 a5 33. Re5 Rc8 34. g3 Rc3 35. Kf2 Rxc2+ 36. Ke3 Ng2+ 37. Kd4 Rxa2 38. Re7 a4 1/2-1/2

[Event "Finnish Senior Championship 2022"]
[Site "Helsinki"]
[Date "2022.04.21"]
[Round "7.1"]
[White "Binham, Timothy F."]
[Black "Koskinen, Hannu E."]
[Result "1-0"]
[ECO "B09"]
[WhiteElo "2275"]
[BlackElo "1746"]
[Annotator "TA"]
[PlyCount "38"]
[EventDate "2022.04.15"]
[EventType "swiss"]
[EventCountry "FIN"]
[SourceTitle "playchess.com"]
[Source "ChessBase"]
[SourceQuality "1"]
[TimeControl "40/5400+30:1800+30"]

1. e4 d6 2. d4 Nf6 3. Nc3 g6 4. f4 Bg7 5. Nf3 O-O 6. Bd3 Nc6 7. O-O e5 {[%emt 0:04:08] B09: Pirc Defence: Austrian Attack.} 8. d5 Nb4 9. fxe5 dxe5 {[%emt 0:00:10] White is slightly better.} 10. Bc4 Qe7 {[%emt 0:15:49] [#] ...Qc5+ is the strong threat.} 11. Kh1 {[%emt 0:02:09] [#]} b6 $146 (11... h6 $14) ({Predecessor:} 11... Ne8 12. Bg5 Bf6 13. Be3 Nd6 14. Be2 b6 15. a3 Na6 16. b4 Nb8 17. Bd3 a5 {1-0 (53) Yu,R (2511)-Liu,C (2262) Beijing 2012}) 12. Qe2 {[%emt 0:07:18] And now a3 would win.} a5 13. a3 $36 {[%emt 0:00:25][%mdl 2048] Keeping Black busy.} Na6 14. Bg5 Nc5 {[%emt 0:04:07] [#]} (14... Bb7 $16 {keeps fighting.} 15. Nd2 h6) 15. Rad1 (15. d6 $1 $18 {[%cal Rd6e7] is the precise move to win.} Qxd6 16. Rad1) 15... Ba6 (15... Bb7 $16 {was necessary.}) 16. d6 (16. Nd2 $18 {is more deadly.}) 16... cxd6 (16... Qe6 $142 17. Nd2 (17. Bxe6 Bxe2 18. Nxe2 fxe6 $14) 17... c6) 17. Nd5 {[%emt 0:00:38] &Bianco is more active.} Qd8 (17... Qe6 $16 {is tougher.}) 18. Bxa6 Rxa6 19. Nd2 Qe7 {[%emt 0:48:50] Weighted Error Value: White=0.31/Black=0.76} 1-0

[Event "Finnish Senior Championship 2022"]
[Site "Helsinki"]
[Date "2022.04.21"]
[Round "7.2"]
[White "Kivipelto, Kaj"]
[Black "Aakio, Seppo"]
[Result "1-0"]
[ECO "A03"]
[WhiteElo "2129"]
[BlackElo "2051"]
[Annotator "TA"]
[PlyCount "71"]
[EventDate "2022.04.15"]
[EventType "swiss"]
[EventCountry "FIN"]
[SourceTitle "playchess.com"]
[Source "ChessBase"]
[SourceQuality "1"]
[TimeControl "40/5400+30:1800+30"]

1. b3 d5 2. Bb2 c5 3. e3 e6 4. f4 Nc6 5. Bb5 Bd7 6. Nf3 Nf6 7. O-O Be7 8. Bxc6 Bxc6 9. Ne5 Rc8 10. d3 {[%emt 0:04:04] A03: Bird's Opening with 1...d5.} d4 11. e4 {[%emt 0:16:27] [#] Against Nd5} b5 $146 ({Predecessor:} 11... O-O 12. Nd2 Nd7 13. Nxd7 Bxd7 14. Rf3 f6 15. Rh3 Qe8 16. Qe2 f5 17. e5 Bc6 {½-½ (62) Chaves,J (1990)-Gomez,E Dubai 1986}) 12. Nd2 {[%emt 0:09:10] White has an edge.} Bb7 13. Qe2 Qb6 14. Ndf3 h6 15. b4 O-O 16. bxc5 Bxc5 17. Kh1 Rfd8 {[%emt 0:00:52] [#] Black is now going downhill.} (17... Bc6 $14) 18. g4 $1 $18 Bf8 $2 (18... Bd6 $16) 19. g5 Nd7 (19... hxg5 20. fxg5 Nd7) 20. Bxd4 Qc7 21. Rf2 {[%emt 0:05:15][%cal Bf1f2,Bf2g2,Bg2g7,Bg7f7][%mdl 32] aiming for gxh6.} Bc5 $2 (21... g6 22. Ng4 h5) 22. Bxc5 Qxc5 23. gxh6 {[%emt 0:00:18] [#] Threatens to win with Rg1.} gxh6 24. Rg2+ Kf8 25. Rag1 {[%emt 0:00:36] Strongly threatening Rg7.} Ke7 26. Rg7 Qxc2 (26... Rf8 $142 27. Ng6+ Kd6 28. Nxf8 Rxf8) 27. Rxf7+ Kd6 28. Qe3 Qc5 29. Qe1 Bc6 30. d4 Qa3 31. Qh4 {[%emt 0:00:38] Qe7+ is the strong threat.} Kc7 32. d5 exd5 33. Nd4 Kb6 34. Qf2 Qc5 35. Nd3 $2 {[%emt 0:00:48] Pair of Knights!} ({Only move:} 35. Nexc6 $18 Rxc6 36. e5) 35... Qc3 $2 (35... dxe4 $14 36. Nxc5 e3+ 37. Nxc6 exf2 38. Nxd8 (38. Nxd7+ Rxd7 39. Rxd7 fxg1=Q+ 40. Kxg1 Rxc6 $11) 38... fxg1=Q+ 39. Kxg1 Nxc5 40. Rf6+ Ka5 41. Nc6+ Ka4) 36. Ne2+ {[%emt 0:03:06] Weighted Error Value: White=0.73/Black=0.83} 1-0

[Event "Finnish Senior Championship 2022"]
[Site "Helsinki"]
[Date "2022.04.21"]
[Round "7.3"]
[White "Patola, Eero"]
[Black "Hietala, Pekka"]
[Result "0-1"]
[ECO "A25"]
[WhiteElo "1809"]
[BlackElo "1925"]
[Annotator "TA"]
[PlyCount "118"]
[EventDate "2022.04.15"]
[EventType "swiss"]
[EventCountry "FIN"]
[SourceTitle "playchess.com"]
[Source "ChessBase"]
[SourceQuality "1"]
[TimeControl "40/5400+30:1800+30"]

1. c4 e5 2. Nc3 d6 3. g3 f5 4. Bg2 Nf6 5. d3 Nc6 {[%emt 0:03:21] [#]} 6. b4 $146 {[%emt 0:05:17] A25: English Opening vs King's Indian with ...Nc6 but without early d3.} (6. e3 $14) ({Predecessor:} 6. e4 g6 7. Nge2 Bg7 8. O-O O-O 9. h3 Bd7 10. Be3 a6 11. Rc1 Rb8 12. Nd5 Nxd5 13. cxd5 Ne7 14. Qb3 b6 15. Rc2 h6 16. f4 Kh7 17. Kh2 {1-0 (74) Le,Q (2714)-Alekseenko,K (2638) St Petersburg 2018}) 6... Nxb4 $15 7. Qa4+ Nc6 $1 8. Bg5 {[%emt 0:09:20] Black is slightly better.} Bd7 (8... Be7 $1 $17) 9. Nd5 (9. Rb1 $15) 9... Nd4 (9... Ne7 $17 10. Qb3 Nexd5 11. cxd5 Rb8) 10. Qd1 c6 11. Nxf6+ gxf6 12. Bd2 h5 $36 {[%emt 0:04:23][%mdl 2048] Black has good play.} 13. e3 Ne6 14. Nf3 Nc5 $1 15. d4 Nd3+ 16. Ke2 e4 {[%emt 0:00:23] Hoping for ...d5.} 17. Ne1 Nxe1 {[%emt 0:03:14] 0x0.00138d2c0565dp-1022s more active pieces.} 18. Rxe1 d5 (18... Be6 $17 19. Qa4 d5) 19. Qb3 Bc8 20. h4 dxc4 (20... b6 $5 21. cxd5 Ba6+ 22. Kd1 Qxd5 $15) 21. Qxc4 Qd6 22. Reb1 b5 23. Qc2 {[%emt 0:01:44] [#]} a5 $1 24. Ke1 ({White should try} 24. Rc1 $15) 24... Be6 $17 25. Bf1 Be7 26. Be2 Kf7 27. Rc1 (27. a3 $142) 27... Bd5 28. Qd1 Kg6 29. Kf1 Bf7 (29... b4 $19 {White must now prevent ...Qe6.} 30. Qc2 Qe6) 30. Rc2 ({White should play} 30. Kg1 $15) 30... b4 31. Rac1 Bd5 32. Rb1 (32. Rb2 $142) 32... Qd7 33. Kg2 (33. Bc4 $142) 33... Qa7 $2 (33... f4 $19 34. gxf4 Rag8) 34. Qf1 (34. Bc4 $17) 34... Rab8 35. Bc4 Rb6 36. Bxd5 cxd5 37. Qc1 Rhb8 38. Rc8 a4 39. Rxb8 (39. Rc7 $17 R8b7 40. Rc8) 39... Qxb8 $19 40. Qc2 b3 41. axb3 axb3 ({Worse is} 41... Rxb3 42. Ra1 $11) 42. Qb2 Bd6 43. Bc3 (43. Qa1 {was worth a try.}) 43... Qc8 44. Ba5 (44. Qa1 {is the only way for White.}) 44... Rb7 45. Rc1 Qd7 46. Bc3 Qb5 {[%emt 0:00:00] Against Qe2} 47. Ra1 Qd3 48. Rc1 f4 49. gxf4 Kf5 50. Re1 Qc2 51. Re2 $2 (51. Rc1 Qxb2 52. Bxb2) 51... Qxb2 (51... Qd1 $142 {( -> ...Rg7+)} 52. Re1 Qf3+ 53. Kf1 {[#]} Bxf4 $1 ) 52. Bxb2 {[%emt 0:00:00][%mdl 4096] Endgame KRB-KRB} Kg4 {[%emt 0:00:33] aiming for ...Bb4.} 53. Re1 Rc7 54. Rc1 Rc2 (54... Rxc1 $142 55. Bxc1 Be7) 55. Rxc2 bxc2 {[%emt 0:00:24] Black mates.} 56. Bc1 Bb4 57. f5 Bc3 58. f3+ exf3+ 59. Kf2 Bb4 {[%emt 0:00:22] Weighted Error Value: White=0.73/Black=0.44} 0-1

[Event "Finnish Senior Championship 2022"]
[Site "Helsinki"]
[Date "2022.04.21"]
[Round "7.6"]
[White "Kukkonen, Martti"]
[Black "Lyly, Seppo"]
[Result "0-1"]
[ECO "A35"]
[WhiteElo "1462"]
[BlackElo "1908"]
[Annotator "TA"]
[PlyCount "62"]
[EventDate "2022.04.15"]
[EventType "swiss"]
[EventCountry "FIN"]
[SourceTitle "playchess.com"]
[Source "ChessBase"]
[SourceQuality "1"]
[TimeControl "40/5400+30:1800+30"]

1. Nf3 c5 2. c4 Nc6 3. Nc3 g6 4. e3 Bg7 5. d4 cxd4 6. exd4 d6 7. a3 {[%emt 0:00:57] [#] A35: Symmetrical English: 2 Nc3 Nc6 3 Nf3.} (7. d5 $14 Ne5 8. Nxe5 Bxe5 9. Bd3) 7... Bg4 $146 ({Predecessor:} 7... Nf6 8. d5 Nb8 9. h3 Nbd7 10. Be3 O-O 11. Qd2 b6 12. Bh6 Nc5 13. Bxg7 Kxg7 14. Be2 Nb3 {½-½ (31) Helbig,H-Boettner,J freechess.de 2017}) 8. Be3 e5 (8... Nh6 $15) 9. d5 (9. Be2 $11) 9... Nce7 (9... Nd4 $1 $15) 10. h3 Bxf3 11. Qxf3 f5 12. Qd1 Nf6 13. Nb5 ({Better is} 13. Bg5 $11) 13... a6 14. Nc3 f4 15. Bd2 O-O 16. Qc2 (16. Bd3 $11) 16... Nf5 $17 17. Ne2 {[%emt 0:03:21] This costs White the game.} (17. Be2 $17 {was called for.}) 17... Rc8 $19 {[%emt 0:01:31][%cal Ba8c8,Bc8c4,Bc4e4][%mdl 32] Threatens to win with ...b5.} 18. Qb3 (18. Nc3) 18... Qd7 (18... b5 $142 19. Nc3 Nd4) 19. Qb6 (19. h4 $142) 19... Rxc4 {[%emt 0:08:24] Strongly threatening ...Ne4.} 20. Nxf4 $2 (20. Nc3 Rd4 21. Be2) 20... Re4+ 21. Ne2 Nd4 {[%emt 0:03:13] ...Nc2+ is the strong threat.} 22. Rc1 {[%emt 0:01:15] Against Nc2+} Nxd5 {[%emt 0:01:16] Pair of Knights!} 23. Qa5 Qf7 {[%emt 0:05:02][%cal Oe4e2] ( -> ...Rxe2+!)} 24. Rb1 Qxf2+ 25. Kd1 Qxf1+ (25... b5 $142 26. Nxd4 Rxd4 27. b3 Bh6 28. Bd3 Rxd3 29. Rb2 Ne3+ 30. Kc1 {[#]} Qf1+ $3 31. Rxf1 Rxf1+ 32. Be1 Rd1#) 26. Rxf1 {[%emt 0:00:42] Black is clearly winning.} Rxf1+ 27. Be1 Ne3+ 28. Kd2 Nb3+ 29. Kd3 {[%emt 0:00:30] [#]} Rd4+ $1 30. Kxe3 (30. Nxd4 Nxa5) 30... Bh6+ 31. Nf4 Nxa5 {[%emt 0:48:04][%mdl 64] Pin.  Weighted Error Value: White=1.35/Black=0.89} 0-1